 Dungeon Crawl Stone Soup version 0.25.0-1-g7eea58d2a3 (webtiles) character file.

Game seed: 7887681917636822962

42 nikku the Conjurer (level 3, 0/20 HPs)
             Began as a Deep Elf Conjurer on June 13, 2020.
             Slain by a hobgoblin
             ... wielding a +0 club
              (1 damage)
             ... on level 2 of the Dungeon.
             The game lasted 00:02:58 (909 turns).

nikku the Conjurer (Deep Elf Conjurer)               Turns: 909, Time: 00:02:58

Health: 0/20       AC:  2    Str:  5    XL:     3   Next: 33%
Magic:  2/10       EV: 12    Int: 20    God:
Gold:   57         SH:  0    Dex: 15    Spells: 8/9 levels left

rFire    . . .     SeeInvis .   l - +0 dagger
rCold    . . .     Gourm    .   (no shield)
rNeg     . . .     Faith    .   a - +0 robe
rPois    .         Spirit   .   (no helmet)
rElec    .         Reflect  .   (no cloak)
rCorr    .         Harm     .   (no gloves)
MR       .....                  (no boots)
Stlth    ++........             (no amulet)
HPRegen  0.06/turn              (no ring)
MPRegen  0.12/turn              (no ring)

@: drained
A: no striking features
a: no special abilities


You were on level 2 of the Dungeon.
You were not hungry.

You visited 1 branch of the dungeon, and saw 2 of its levels.

You collected 57 gold pieces.

Inventory:

Hand Weapons
 l - a +0 dagger (weapon)
Armour
 a - a +0 robe (worn)
Scrolls
 b - 2 scrolls of magic mapping {unknown}
 h - a scroll of identify {unknown}
 i - a scroll of immolation {unknown}
Potions
 d - a potion of flight {unknown}
 e - 2 potions of cancellation {unknown}
 g - a potion of mutation {unknown}
 j - a potion of degeneration {unknown}
 k - 2 potions of invisibility {unknown}
Comestibles
 c - 3 rations
 f - 3 chunks of flesh


   Skills:
 + Level 1.2(0.7) Fighting
 - Level 2.4(1.8) Dodging
 - Level 2.4(1.8) Stealth
 + Level 3.8(3.3) Spellcasting
 + Level 4.8(4.2) Conjurations


You had 8 spell levels left.
You knew the following spells:

 Your Spells              Type           Power        Failure   Level  Hunger
a - Magic Dart            Conj           ###.         2%          1    None

Your spell library contained the following spells:

 Spells                   Type           Power        Failure   Level  Hunger
 Searing Ray              Conj           ###...       3%          2    ##.....
 Dazzling Flash           Conj/Hex       ##....       17%         3    ###....
 Fulminant Prism          Conj/Hex       ##........   50%         4    ####...
 Iskenderun's Mystic Bla  Conj/Tloc      ##......     50%         4    ####...


Dungeon Overview and Level Annotations

Branches:
Dungeon (2/15)

Altars:


Message History

You kill the goblin!
The hobgoblin barely misses you.
Casting: Magic Dart (safe; 2% risk of failure)
Confirm with . or Enter, or press ? or * to list all spells.
Aiming: Magic Dart (safe; 2% risk of failure)
Press: ? - help, Shift-Dir - straight line, f - hobgoblin
Aim: a hobgoblin, wielding a +0 club The magic dart hits the hobgoblin.
The hobgoblin is moderately wounded.
The hobgoblin hits you with a +0 club.
* * * LOW HITPOINT WARNING * * *
Casting: Magic Dart (safe; 2% risk of failure)
Confirm with . or Enter, or press ? or * to list all spells.
Aiming: Magic Dart (safe; 2% risk of failure)
Press: ? - help, Shift-Dir - straight line, f/p - hobgoblin
Aim: a hobgoblin, wielding a +0 club (moderately wounded)
The magic dart hits the hobgoblin.
The hobgoblin is almost dead.
The hobgoblin hits you with a +0 club.
You die...

##..##.$#
#...#.#.# ## #
#...#.#.##.#..#
#.....#.#.(.#
#.....##(# ###
#.###g...###....
#.# #...........
#.#####)........
#.....@†...##!..
#######g...# ..
........
.<.......#
........##
.........#
........##
.....#


You could see a hobgoblin.

Vanquished Creatures
  An adder (D:2)
  3 dart slugs (D:1)
  A leopard gecko (D:1)
  5 giant cockroaches (D:1)
  4 goblins
  A hobgoblin (D:1)
  A kobold (D:2)
  3 frilled lizards (D:1)
  7 rats (D:1)
26 creatures vanquished.

Notes
Turn   | Place    | Note
-------+----------+-------------------------------------------
     0 | D:1      | nikku the Deep Elf Conjurer began the quest for the Orb.
     0 | D:1      | Reached XP level 1. HP: 10/10 MP: 6/6
   254 | D:1      | Reached XP level 2. HP: 16/16 MP: 6/8
   575 | D:1      | Reached skill level 1 in Fighting
   826 | D:1      | Reached XP level 3. HP: 20/20 MP: 7/10
   886 | D:1      | You fall into a shaft and drop 1 floor!
   908 | D:2      | HP: 1/20 [hobgoblin/+0 club (4)]
   909 | D:2      | Slain by a hobgoblin

Illustrated notes

Levels and vault maps discovered:
D:1:      dpeg_arrival_prison, layout_rooms
D:2:      layout_rooms, led_sif_pool, tso_metal_star, serial_glass,
          glass_columns_a, glass_columns_a, hangedman_decor_points,
          minmay_pentomino_pile

Skill      XL: |  1  2 |
---------------+-------+-----
Fighting       | 1 |  1.2
Dodging        | |  2.4
Stealth        | |  2.4
Spellcasting   | |  3.8
Conjurations   | |  4.8

Action                   || total
-------------------------++-------
Melee: Dagger            ||     1
 Cast: Magic Dart        ||    57
Armor: Robe              ||     3
Dodge: Dodged            ||    19
